 Dungeon Sprint DCSS version 0.31-a0-460-g9e667d4245 (webtiles) character file.

Game seed: 1854550680867284739

1246 rocky1 the Martial Artist (level 8, 0/51 HPs)
             Began as an Octopode Shapeshifter on Aug 5, 2023.
             Was an Initiate of Gozag.
             Slain by a seven-headed hydra (7 damage)
             ... in the Dungeon (Sprint IX: "|||||||||||||||||||||||||||||").
             The game lasted 00:02:26 (629 turns).

rocky1 the Martial Artist (Octopode Shapeshifter)    Turns: 629, Time: 00:02:27

Health: 0/51       AC:  1    Str: 14    XL:     8   Next: 50%
Magic:  8/8        EV: 14    Int: 10    God:    Gozag
Gold:   423        SH:  0    Dex: 15    Spells: 7/7 levels left

rFire   . .          .
                       - Unarmed
rCold   . . .        (no shield)
rNeg    . . .        (helmet currently unavailable)
rPois   .            (no amulet)
rElec   .            (no ring)
rCorr   .            (no ring)
SInv    .            (no ring)
Will    .....        (no ring)
Stlth   ++++         (no ring)
HPRegen 0.28/turn    (no ring)
MPRegen 0.11/turn    (no ring)
                     (no ring)

%: no teleportation
@: beast-form, gold aura
A: beast (slay +7), almost no armour, amphibious, 8 rings, camouflage 1,
gelatinous body 1, (nimble swimmer 1), tentacles
a: Begin Untransformation, Renounce Religion, Potion Petition, Call Merchant,
Bribe Branch


You were in the Dungeon.
You worshipped Gozag.
Gozag was aware of your devotion.
You were a hulking beast.
You visited 1 branch You collected 423 gold pieces.

Inventory:

Hand Weapons
 g - the +9 sword of Zonguldrok {reap}
   (You found it in the Dungeon)
Jewellery
 k - a +2 ring of protection
 l - a +3 ring of intelligence
Talismans
 b - a beast talisman (active)
Scrolls
 h - a scroll of blinking
 i - 2 scrolls of amnesia
Potions
 a - a potion of lignification
 c - 5 potions of curing
 d - 2 potions of heal wounds
 f - 4 potions of magic


   Skills:
 + Level 2.9 Fighting
 + Level 3.4 Dodging
 + Level 3.8 Stealth
 * Level 13.1 Unarmed Combat
 - Level 10.7 Shapeshifting


You had 7 spell levels left.
You didn't know any spells.
Your spell library was empty.

Dungeon Overview and Level Annotations

Branches:
Dungeon (1/1)

Altars:
Cheibriados
Dithmenos
Elyvilon
Fedhas
Gozag
Hepliaklqana
Kikubaaqudgha
Makhleb
Nemelex Xobeh
Okawaru
Qazlal
Ru
Sif Muna
Trog
Uskayaw
Vehumet
Wu Jian
Xom
Yredelemnul
Zin
The Shining One
Jiyva
Lugonu


Innate Abilities, Weirdness & Mutations

You are a hulking beast.
Your limbs bulge with bestial killing power. (Slay +7)
You cannot wear most types of armour.
You are amphibious.
You can wear up to eight rings at the same time.
Your skin changes colour to match your surroundings (Stealth+).
Your rubbery body absorbs attacks. (AC +1, EV +1)
((You are camouflaged when in or above water. (Stealth+)))
You have tentacles for arms and can constrict up to eight enemies at once.


Message History

Roots grab the seven-headed hydra.
The grasping roots constrict the seven-headed hydra!
The seven-headed hydra struggles to escape constriction.
The grasping roots constrict the seven-headed hydra.
The roots release their grip on the seven-headed hydra.
Aiming: Fastroot
Press: ? - help, Shift-Dir - straight line, f/p - seven-headed hydra
Aim: a seven-headed hydra (lightly wounded)
The roots erupt in riotous growth!
Roots grab the seven-headed hydra.
The grasping roots constrict the seven-headed hydra.
The seven-headed hydra struggles to escape constriction.
The grasping roots constrict the seven-headed hydra!
The roots release their grip on the seven-headed hydra.
Aiming: Fastroot
Press: ? - help, Shift-Dir - straight line, f/p - seven-headed hydra
Aim: a seven-headed hydra (moderately wounded)
The roots erupt in riotous growth!
Roots grab the seven-headed hydra.
The now-empty wand crumbles to dust.
The grasping roots constrict the seven-headed hydra!
The seven-headed hydra struggles to escape constriction.
The grasping roots constrict the seven-headed hydra.
The seven-headed hydra bites you.
The seven-headed hydra barely misses you.
The seven-headed hydra bites you. The seven-headed hydra bites you! x2
* * * LOW HITPOINT WARNING * * *
The seven-headed hydra closely misses you. x2
You tentacle-slap the seven-headed hydra.
You tentacle-slap the seven-headed hydra!
The seven-headed hydra is severely wounded.
The grasping roots constrict the seven-headed hydra!
The roots release their grip on the seven-headed hydra.
The seven-headed hydra barely misses you.
The seven-headed hydra bites you.
* * * LOW HITPOINT WARNING * * *
The seven-headed hydra barely misses you. x2
The seven-headed hydra bites you!
You die...
Your body crumbles into a pile of gold. ▓▓▓▓▓▓▓▓▓▓▓▓▓▓▓▓▓▓▓▓▓▓▓▓▓▓▓▓▓▓▓▓▓ _______________Dh$...'.....†...<▓ ▓▓▓▓▓▓▓▓▓▓▓▓▓▓▓▓▓▓▓▓▓▓▓▓▓▓▓▓▓▓▓▓▓ $$$$ $$$$$$$$$$$$$

You could see a seven-headed hydra.

Vanquished Creatures
  A troll (D)
  A shadow (D)
  A wraith (D)
  An acid dragon (D)
  2 orc warriors (D)
  A kobold brigand (D)
  A scorpion (D)
  2 jellies (D)
  A hound (D)
  An adder (D)
  2 hobgoblins (D)
  A quokka (D)
  A bat (D)
  A rat (D)
17 creatures vanquished.

Vanquished Creatures (others)
  A troll (D)
1 creature vanquished.

Grand Total: 18 creatures vanquished

Notes
Turn   | Place    | Note
-------+----------+-------------------------------------------
     0 | D        | rocky1 the Octopode Shapeshifter began the quest for the
                  | Orb.
     0 | D        | Reached XP level 1. HP: 13/13 MP: 1/1
    30 | D        | Noticed a hound
    30 | D        | Noticed a jelly
    30 | D        | Noticed a jelly
    30 | D        | Noticed a scorpion
    34 | D        | Reached skill level 4 in Unarmed Combat
    34 | D        | Reached XP level 2. HP: 18/18 MP: 2/2
    35 | D        | Killed a scorpion
    36 | D        | Reached skill level 6 in Unarmed Combat
    36 | D        | Reached skill level 5 in Shapeshifting
    36 | D        | Reached XP level 3. HP: 23/23 MP: 3/3
    36 | D        | Reached XP level 4. HP: 28/28 MP: 4/4
    38 | D        | Reached skill level 7 in Unarmed Combat
    40 | D        | Reached XP level 5. HP: 28/33 MP: 5/5
    44 | D        | Reached skill level 8 in Unarmed Combat
   198 | D        | Found a snail-covered altar of Cheibriados.
   198 | D        | Found a shadowy altar of Dithmenos.
   198 | D        | Found a white marble altar of Elyvilon.
   198 | D        | Found a blossoming altar of Fedhas.
   198 | D        | Found an opulent altar of Gozag.
   199 | D        | Found a hazy altar of Hepliaklqana.
   200 | D        | Found a viscous altar of Jiyva.
   201 | D        | Found an ancient bone altar of Kikubaaqudgha.
   202 | D        | Found a corrupted altar of Lugonu.
   203 | D        | Found a burning altar of Makhleb.
   204 | D        | Found a sparkling altar of Nemelex Xobeh.
   205 | D        | Found an iron altar of Okawaru.
   206 | D        | Found a stormy altar of Qazlal.
   207 | D        | Found a sacrificial altar of Ru.
   208 | D        | Found a shimmering blue altar of Sif Muna.
   209 | D        | Found a bloodstained altar of Trog.
   210 | D        | Found a hide-covered altar of Uskayaw.
   211 | D        | Found a radiant altar of Vehumet.
   212 | D        | Found an ornate altar of the Wu Jian Council.
   213 | D        | Found a shimmering altar of Xom.
   214 | D        | Found a basalt altar of Yredelemnul.
   215 | D        | Found a glowing silver altar of Zin.
   216 | D        | Found a glowing golden altar of the Shining One.
   228 | D        | Became a worshipper of Gozag Ym Sagoz the Greedy
   247 | D        | Found the +9 sword of Zonguldrok {reap}
   263 | D        | Noticed an acid dragon
   263 | D        | Noticed a kobold brigand
   263 | D        | Noticed a shadow
   263 | D        | Noticed an orc warrior
   263 | D        | Noticed a troll
   263 | D        | Noticed an orc warrior
   271 | D        | Killed an orc warrior
   272 | D        | Reached skill level 9 in Unarmed Combat
   272 | D        | Reached XP level 6. HP: 38/38 MP: 6/6
   277 | D        | Killed a troll
   278 | D        | Reached skill level 10 in Unarmed Combat
   278 | D        | Reached XP level 7. HP: 30/43 MP: 7/7
   281 | D        | Reached skill level 11 in Unarmed Combat
   285 | D        | Killed a shadow
   286 | D        | Reached skill level 12 in Unarmed Combat
   286 | D        | Reached skill level 10 in Shapeshifting
   298 | D        | Reached XP level 8. HP: 26/48 MP: 8/8
   494 | D        | Noticed a troll
   494 | D        | Noticed a slime creature
   494 | D        | Noticed a white ugly thing
   494 | D        | Noticed a troll
   494 | D        | Noticed a seven-headed hydra
   494 | D        | Noticed a wraith
   502 | D        | Killed a wraith
   621 | D        | Killed a troll
   622 | D        | Reached skill level 13 in Unarmed Combat
   629 | D        | Slain by a seven-headed hydra

Illustrated notes

Levels and vault maps discovered:
D:        linesprint [early_d, line_temple, items_1, d_10, items_2, lair_1,
          lair_end, items_3, orc_1, orc_end, items_4, d_15, swamp_1, shoals_1,
          snake_1, spider_1, d_20, vaults_1, items_5, swamp_end, shoals_end,
          snake_end, spider_end, vaults_end, d_27, items_6, zot_1, zot_end,
          crypt_end, forest_end, elf_end, slime_end, tomb_end, abyss_end,
          pan_hell_end]

Skill      XL: |  1  2  3  4  5  6  7  8 |
---------------+-------------------------+-----
Unarmed Combat | 4 6 7 9 10 12 13 | 13.1
Shapeshifting  | 4 5 6 8 9 10 | 10.7
Stealth        | 3 |  3.8
Fighting       | 2 |  2.9
Dodging        | 3 |  3.4

Action                     |  1- 3 |  4- 6 |  7- 9 || total
---------------------------+-------+-------+-------++-------
  Melee: Unarmed           |    10 |    17 |    26 ||    53
         Tentacles         |     1 |     4 |     7 ||    12
         Constrict         |     1 |     2 |     2 ||     5
         Punch             |       |     2 |     4 ||     6
  Evoke: Wand              |       |       |    10 ||    10
    Use: Potion            |     1 |     1 |     2 ||     4
         Scroll            |       |       |     1 ||     1
   Stab: Sleeping          |       |     1 |       ||     1
         Invisible         |       |       |     1 ||     1
 Armour: Skin              |       |       |     3 ||     3
  Dodge: Dodged            |     2 |     7 |    13 ||    22

Table legend: (Time is in decaauts)
 A = Elapsed time spent in this place.
 B = Non-inter-level travel time spent in this place.
 C = Inter-level travel time spent in this place.
 D = Time resting spent in this place.
 E = Time spent auto-exploring this place.
 F = Levels seen in this place.
 G = Mean time per level.
                   A        B        C        D        E       F      G
               +--------+--------+--------+--------+--------+-----+--------+
         Total |    611 |    611 |      0 |    411 |      0 |   1 |  611.0 |
       Dungeon |    611 |    611 |      0 |    411 |      0 |   1 |  611.0 |
               +--------+--------+--------+--------+--------+-----+--------+

Top non-repeatable levels by time:
       D: 611 daAuts
